Map: 10000 Feet LE

Players

Botania - Winner!

  • Race: Terran Terran
  • Spawn Location: 11:00

VOD

Have the link to the VOD?

Description

Time

  • Played on: Sept. 18, 2026, 1:04 p.m.
  • Length: 21:15
Show
View Real Time Build Order
Export as new Build Order

Botania Terran - Winner!

Build Orders:  

Get SALT Encoding   

  8  0:06  SCV  
  9  0:23  SCV  
  10  0:39  SCV  
  11  0:50  Supply Depot  
  11  0:56  SCV  
  12  1:13  SCV  
  13  1:30  SCV  
  13  1:33  Barracks  
  14  1:47  SCV  
  15  2:07  SCV  
  16  2:10  Supply Depot  
  16  2:24  SCV  
  17  2:41  Marine  
  17  2:42  Orbital Command  
  18  2:51  Refinery  
  18  3:05  Marine  
  19  3:18  Command Center  
  19  3:23  SCV  
  19  3:28  Refinery  
  20  3:33  Marine  
  21  3:49  SCV  
  22  4:06  SCV  
  22  4:07  Barracks  
  23  4:19  Marine  
  24  4:23  SCV  
  25  4:40  SCV  
  25  4:44  Marine  
  27  4:57  SCV  
  28  5:01  Factory  
  28  5:13  Marine  
  28  5:14  SCV  
  28  5:17  Barracks Tech Lab  
  30  5:28  Supply Depot  
  30  5:31  SCV  
  30  5:38  Orbital Command  
  31  5:48  SCV  
  32  6:04  SCV  
  32  6:06  Factory Tech Lab  
  33  6:14  Bunker  
  33  6:15  SCV  
  33  6:19  Barracks Reactor  
  34  6:20  Supply Depot  
  34  6:29  SCV  
  35  6:32  SCV  
  36  6:40  Marauder  
  36  6:42  Unknown  
  36  6:46  SCV  
  36  6:48  Refinery  
  36  6:49  SCV  
  40  6:53  Refinery  
  40  7:01  Bunker  
  40  7:06  SCV, Siege Tank  
  44  7:10  SCV  
  45  7:23  SCV  
  45  7:27  SCV  
  47  7:40  SCV  
  47  7:42  Supply Depot  
  48  7:51  Siege Tank, Marauder  
  53  8:00  SCV  
  53  8:01  Engineering Bay  
  53  8:02  SCV  
  55  8:11  Marine x2  
  55  8:17  SCV  
  58  8:22  SCV  
  58  8:28  Stimpack, Armory  
  59  8:36  Siege Tank, Marine x2  
  59  8:39  SCV  
  65  8:45  Starport, Terran Infantry Weapons Level 1  
  65  8:57  Supply Depot  
  65  9:01  Marine  
  66  9:27  Marine x2  
  68  9:30  Supply Depot  
  68  9:36  Starport Reactor  
  68  9:37  Terran Vehicle Weapons Level 1  
  68  9:41  Supply Depot  
  68  9:42  Siege Tank  
  68  9:47  SCV  
  69  9:51  Missile Turret  
  69  9:54  SCV  
  70  10:04  SCV  
  71  10:11  SCV  
  72  10:27  SCV  
  73  10:38  Command Center  
  73  10:44  Supply Depot, SCV  
  74  10:56  Marine  
  74  10:57  Marine x2  
  74  10:59  Siege Tank  
  80  11:01  SCV  
  80  11:04  Factory  
  81  11:16  Supply Depot  
  81  11:17  Concussive Shells  
  81  11:21  Marine  
  81  11:22  Marine, Marauder  
  81  11:25  Terran Infantry Armor Level 1  
  85  11:44  Siege Tank  
  85  11:46  Marine  
  85  11:47  Marine  
  85  11:48  Supply Depot  
  90  11:51  Barracks  
  90  11:52  Marauder  
  92  12:15  Factory Tech Lab  
  92  12:16  Terran Vehicle And Ship Armor Level 1  
  92  12:22  Orbital Command  
  92  12:23  Missile Turret  
  92  12:29  Thor  
  98  12:33  Refinery  
  98  12:44  Thor  
  98  12:47  SCV  
  105  12:50  Siege Tank  
  105  12:51  Siege Tank  
  104  13:04  SCV  
  104  13:06  Unknown  
  98  13:10  Refinery  
  94  13:21  SCV  
  94  13:23  Marine x2  
  94  13:24  Marine  
  94  13:29  Thor  
  101  13:30  SCV  
  101  13:38  SCV  
  103  13:44  Siege Tank  
  103  13:47  SCV  
  103  13:48  Marine x2, Medivac  
  103  13:49  Marine, Medivac  
  114  13:59  Unknown  
  114  14:04  SCV  
  115  14:13  Marine x3  
  118  14:29  Siege Tank, Thor  
  127  14:55  Supply Depot  
  127  15:11  Terran Infantry Weapons Level 2  
  127  15:21  Missile Turret  
  127  15:25  Command Center, SCV, Marine, Thor  
  127  15:28  Supply Depot  
  135  15:37  Supply Depot  
  135  15:43  Terran Vehicle Weapons Level 2  
  135  15:58  SCV, Hellbat  
  138  16:01  Supply Depot  
  137  16:15  SCV  
  138  16:21  Supply Depot  
  138  16:24  Unknown  
  138  16:34  Unknown  
  138  16:42  Siege Tank  
  138  16:43  Siege Tank  
  138  16:44  Barracks  
  138  16:49  Factory  
  138  16:50  Barracks Reactor  
  138  17:03  Missile Turret  
  138  17:21  Orbital Command  
  138  17:57  Missile Turret  
  138  18:06  Barracks Tech Lab  
  138  18:22  Factory Tech Lab  
  138  18:37  Siege Tank  
  136  19:09  Medivac x2  
  134  19:34  Hellbat  
  136  19:42  Refinery  
  136  19:44  Refinery  
  136  19:51  Medivac x2  
  140  20:04  Hellbat  
  140  20:05  SCV  
  145  20:22  SCV  
  146  20:33  Medivac, Hellbat  
  150  20:41  Marine  
  150  20:42  Marine  
  150  21:03  Unknown  
Tags
 
Add a new tag
Caveats
  • Supply blocks, unpowered buildings, or Contaminate may cause inaccurate times.
  • Supply counts are checked every 10 seconds.